 Dungeon Crawl Stone Soup version 0.31-a0-740-g87205ac768 (webtiles) character file.

Game seed: 15640276811567054030

73353 ooooo the Covert (level 15, -2/103 HPs)
             Began as an Octopode Conjurer on Sept 12, 2023.
             Was an Initiate of Gozag.
             Constricted to death by a shambling mangrove (10 damage)
             ... on level 1 of the Swamp.
             The game lasted 01:21:55 (29572 turns).

ooooo the Covert (Octopode Conjurer)               Turns: 29572, Time: 01:21:55

Health: -2/103     AC: 14    Str:  9    XL:     15   Next: 43%
Magic:  11/24      EV: 26    Int: 26    God:    Gozag
Gold:   2997       SH:  0    Dex: 40    Spells: 2/26 levels left

rFire   . . .        O - +10 pair of quick blades "Gyre" and "Gimble" {protect}
rCold   . . .        (shield currently unavailable)
rNeg    . . .        H - +2 hat
rPois   .            w - amulet of the acrobat
rElec   .            y - +6 ring of dexterity
rCorr   .            A - +6 ring of dexterity
SInv    .            R - ring of willpower
Will    +++..        Y - +6 ring of dexterity
Stlth   +++++++++    T - +4 ring of protection
HPRegen 0.37/turn    U - ring of willpower
MPRegen 0.19/turn    Z - +6 ring of dexterity
                     z - +6 ring of dexterity

%: acrobat
@: grasped by roots, under a protective aura, constricted
A: almost no armour, amphibious, 8 rings, camouflage 1, gelatinous body 1,
nimble swimmer 1, tentacles
a: Renounce Religion, Potion Petition, Call Merchant, Bribe Branch


You were on level 1 of the Swamp.
You worshipped Gozag.
Gozag was most pleased with you.
You visited 4 branches of the dungeon, and saw 18 of its levels.
You also visited: Volcano.

You collected 8119 gold pieces.
You spent 5076 gold pieces at shops.
You paid 46 gold pieces to Gozag.

Inventory:

Hand Weapons
 u - the +5 sling of Unlemaeh {drain, Dex+3}
   (You found it on level 4 of the Dungeon)

   Dex+3:     It affects your dexterity (+3).
 I - the +3 flail "Luofuobi" {spect, rCorr Str+2 Dex+8 Stlth-}
   (You found it on level 7 of the Dungeon)

   Str+2:     It affects your strength (+2).
   Dex+8:     It affects your dexterity (+8).
   rCorr:     It protects you from acid and corrosion.
   Stlth-:    It makes you less stealthy.
 O - the +10 pair of quick blades "Gyre" and "Gimble" (weapon) {protect}
   (You found it on level 8 of the Dungeon)
Armour
 H - a +2 hat (worn)
Magical Staves
 i - a staff of fire
 j - a staff of poison
 C - a staff of death
Jewellery
 g - a ring of magical power
 m - a ring of fire
 w - an amulet of the acrobat (around mantle)
 y - a +6 ring of dexterity (left tentacle)
 z - a +6 ring of dexterity (on tentacle)
 A - a +6 ring of dexterity (right tentacle)
 R - a ring of willpower (on tentacle)
 S - a +6 ring of intelligence
 T - a +4 ring of protection (on tentacle)
 U - a ring of willpower (on tentacle)
 Y - a +6 ring of dexterity (on tentacle)
 Z - a +6 ring of dexterity (on tentacle)
Wands
 k - a wand of charming (19)
 p - a wand of polymorph (13)
 x - a wand of mindburst (6)
 J - a wand of light (11)
 K - a wand of iceblast (4)
 P - a wand of flame (14)
Scrolls
 a - a scroll of poison
 b - 4 scrolls of teleportation
 c - a scroll of revelation
 d - a scroll of identify
 h - a scroll of amnesia
 q - 2 scrolls of silence
 r - a scroll of fear
 B - 4 scrolls of blinking
 D - a scroll of noise
 F - a scroll of enchant armour
 M - a scroll of enchant weapon
 V - a scroll of fog
 W - a scroll of immolation
Potions
 e - a potion of invisibility
 f - 11 potions of curing
 l - a potion of cancellation
 n - 2 potions of heal wounds
 o - 2 potions of ambrosia
 s - 4 potions of attraction
 t - 4 potions of berserk rage
 v - a potion of brilliance
 E - 4 potions of enlightenment
 G - a potion of haste
 L - a potion of lignification
 N - 3 potions of magic
 Q - a potion of resistance
 X - a potion of might


   Skills:
 + Level 10.3 Fighting
 * Level 10.0 Short Blades
 + Level 10.4 Dodging
 + Level 14.1 Stealth
 - Level 6.9 Shields
 - Level 6.0 Spellcasting
 - Level 10.6 Conjurations
 - Level 5.0 Hexes
 * Level 12.1 Translocations


You had 2 spell levels left.
You knew the following spells:

 Your Spells              Type           Power      Damage    Failure   Level
a - Searing Ray           Conj           100%       2d8       1%          2
b - Magic Dart            Conj           100%       1d8       1%          1
c - Fulminant Prism       Conj/Hex       24%        3d12      2%          4
d - Iskenderun's Mystic   Conj/Tloc      61%        2d13      1%          4
f - Confusing Touch       Hex            33%        N/A       2%          3
g - Manifold Assault      Tloc           63%        N/A       1%          4
D - Dispersal             Tloc           31%        N/A       8%          6

Your spell library contained the following spells:

 Spells                   Type           Power      Damage    Failure   Level
 Apportation              Tloc           100%       N/A       1%          1
 Kiss of Death            Conj/Necr      100%       2d13      1%          1
 Momentum Strike          Conj/Tloc      100%       3d10      1%          2
 Poisonous Vapours        Pois/Air       14%        N/A       11%         2
 Scorch                   Fire           14%        2d5       11%         2
 Wereblood                Tmut           7%         N/A       11%         2
 Dazzling Flash           Conj/Hex       96%        N/A       1%          3
 Gell's Gravitas          Tloc           63%        N/A       1%          3
 Teleport Other           Tloc           63%        N/A       1%          3
 Mephitic Cloud           Conj/Pois/Air  26%        N/A       4%          3
 Flame Wave               Conj/Fire      35%        2d10      8%          4
 Irradiate                Conj/Tmut      17%        3d17      22%         5
 Leda's Liquefaction      Hex/Erth       10%        N/A       24%         4
 Freezing Cloud           Conj/Ice/Air   13%        6-21      41%         5
 Dispel Undead            Necr           7%         3d8       56%         4
 Leda's Unmaking          Conj/Erth      17%        9d4       77%         6
 Lee's Rapid Deconstruct  Erth           3%         3d5*      88%         5
 Disjunction              Tloc           31%        N/A       97%         8
 Summon Cactus Giant      Summ           3%         N/A       100%        6
 Maxwell's Capacitive Co  Air            3%         ∞         100%        8


Dungeon Overview and Level Annotations

Branches:
Dungeon (10/15) Zot: 24024  Temple (0/1) D:6            Lair (5/5) D:10 Zot: 23779
  Swamp (1/4) Lair:3 Zot: 5098   Snake (0/4) Lair:2        Slime (0/5) Lair:4
    Orc (2/2) D:10 Zot: 9585     Elf (0/3) Orc:2       Volcano (visited)

Altars:
Cheibriados
Dithmenos
Elyvilon
Fedhas
Gozag
Hepliaklqana
Kikubaaqudgha
Makhleb
Okawaru
Qazlal
Sif Muna
Trog
Vehumet
Wu Jian
Xom
Yredelemnul
The Shining One

Shops:
D:1 *[?[=   D:10 (   Orc:2 ?*![=[

Portals:
Pandemonium: Orc:2

Annotations:
D:6 Maggie


Innate Abilities, Weirdness & Mutations

You cannot wear most types of armour.
You are amphibious.
You can wear up to eight rings at the same time.
Your skin changes colour to match your surroundings (Stealth+).
Your rubbery body absorbs attacks. (AC +1, EV +1)
You are camouflaged when in or above water. (Stealth+)
You have tentacles for arms and can constrict up to eight enemies at once.


Message History

The grasping roots constrict you!
* * * LOW HITPOINT WARNING * * *
Casting: Dispersal (dangerous; 8% risk of failure)
Confirm with . or Enter, or press ? or * to list all spells.
Space momentarily warps into an impossible shape!
You puncture the alligator!
Your attack snaps the alligator out of its fear.
You hit the alligator. You puncture the alligator! You hit the alligator.
The alligator is heavily wounded.
You hit the shambling mangrove. x2; You puncture the shambling mangrove!
You hit the shambling mangrove.
The shambling mangrove is heavily damaged.
You hit the alligator. x2; You puncture the alligator!
You hit the alligator.
The alligator is moderately wounded.
Unknown command.
Casting: Manifold Assault (mildly dangerous; 1% risk of failure)
Confirm with . or Enter, or press ? or * to list all spells.
Space momentarily warps into an impossible shape!
You closely miss the alligator. You puncture the alligator! x2
You hit the alligator.
The alligator is severely wounded.
You puncture the alligator! x2; You hit the alligator. x2
The alligator is almost dead.
You puncture the shambling mangrove!
You hit the shambling mangrove but do no damage.
You puncture the shambling mangrove! x2
The shambling mangrove is almost destroyed.
Angry insects surge out from beneath the shambling mangrove's foliage!
The shambling mangrove completely misses you.
The grasping roots constrict you!
* * * LOW HITPOINT WARNING * * *
Blink to where?
Press: ? - help, Dir - move target The roots grasp on you weakens, but your attempt to escape fails.
As you read the scroll of blinking, it crumbles to dust.
The hornet completely misses you.
The shambling mangrove barely misses you.
The grasping roots constrict you!
You die...
Your body crumbles into a pile of gold.

♣ .~♣ ...~.. ~...
......♣ §~♣~.. ~.~~~.♣
♣♣♣ (.~♣♣.). ...~.♣
~§♣♣♣....♣♣..t♣♣ ♣.t~~♣
~..~~..~~§♣....~♣♣...§♣
~.♣♣......~......$..$.♣♣
.♣♣ ♣♣~.♣..~..yf@y..~..♣
~♣ ♣.~.....~♣♣..~..♣ .♣
~.♣...~♣§~..~~♣♣ ♣♣
.♣♣♣♣♣.~~....~♣ ♣♣
♣♣..~~....♣ .♣ .
♣♣♣.~~~~~..t♣ .♣ .♣
♣♣~~~~~~~~~~♣♣ .♣♣♣♣♣~♣
♣.~~~~~~..♣♣♣
.~..♣..♣♣♣♣♣.~~~~~..♣♣


You could see a shambling mangrove, 3 alligators and 2 hornets.

Vanquished Creatures
  2 bunyips (Swamp:1)
  6 hydras
  2 demonspawn (Orc:2)
  4 catoblepae (Lair:5)
  2 ghost crabs (Swamp:1)
  4 two-headed ogres
  7 orc high priests (Orc:2)
  7 death yaks (Lair:5)
  2 skeletal warriors (Volcano)
  2 goliath frogs (Swamp:1)
  A bog body (Swamp:1)
  A swamp dragon (Swamp:1)
  An anaconda skeleton (Volcano)
  6 orc sorcerers
  5 orc knights
  An oklob plant (Lair:4)
  An alligator skeleton (Volcano)
  2 manticores (Lair:5)
  3 elephants (Lair:1)
  An orange demon (Orc:2)
  Jeremiah (D:9)
  3 black mambas
  A smoke demon (Orc:2)
  4 gargoyles (Volcano)
  10 cane toads
  3 rime drakes
  7 komodo dragons
  An ice devil (Orc:2)
  4 trolls
  2 tyrant leeches (Swamp:1)
  A polar bear (Lair:5)
  4 harpy skeletons (Volcano)
  3 hornets
  22 blink frogs
  A shadow (D:9)
  A flying skull (Volcano)
  6 wyverns
  2 spriggans
  A wraith (D:8)
  73 yaks
  2 steam dragons
  2 neqoxecs (Orc:2)
  3 basilisks
  3 wargs
  5 swamp worms
  4 nagas (Lair:2)
  14 water moccasins
  3 acid dragons
  Duvessa (D:7)
  29 orc warriors
  A black bear (D:6)
  2 swamp drakes
  3 ice beasts
  4 sky beasts
  4 ogres
  22 wolves
  A phantom (D:4)
  8 centaurs
  A kobold brigand (D:8)
  15 bullfrogs
  3 scorpions
  A gnoll sergeant (D:7)
  14 wights
  Dowan (D:7)
  9 killer bees
  3 spriggan skeletons (Volcano)
  A troll skeleton (Volcano)
  3 electric eels
  3 howler monkeys (D:9)
  A lava snake (D:10)
  5 hounds
  5 jellies
  23 orc priests
  2 gnoll boudas
  5 iguanas
  A sleepcap (D:6)
  Ijyb (D:3)
  11 orc wizards
  A naga skeleton (Volcano)
  13 gnolls
  6 adders
  2 shadow imps
  2 ufetubi (D:5)
  5 worms
  3 dart slugs
  64 orcs
  9 endoplasms
  4 giant cockroaches
  13 hobgoblins
  5 jackals
  10 kobolds
  3 ball pythons
  4 bats
  4 frilled lizards
  4 goblins
  5 rats
586 creatures vanquished.

Vanquished Creatures (others)
  A bloated husk (Swamp:1)
  16 fulminant prisms
17 creatures vanquished.

Grand Total: 603 creatures vanquished

Notes
Turn   | Place    | Note
-------+----------+-------------------------------------------
     0 | D:1      | ooooo the Octopode Conjurer began the quest for the Orb.
     0 | D:1      | Reached XP level 1. HP: 11/11 MP: 3/3
  1085 | D:1      | Reached skill level 3 in Stealth
  1085 | D:1      | Reached XP level 2. HP: 17/17 MP: 5/5
  1088 | D:1      | Learned a level 2 spell: Searing Ray
  1151 | D:1      | Found Voat's Jewellery Shop.
  1350 | D:1      | Reached XP level 3. HP: 22/22 MP: 1/6
  1601 | D:1      | Reached skill level 1 in Shields
  1691 | D:1      | Found Cais's Antique Armour Shop.
  1729 | D:1      | Found Veopp's Assorted Antiques.
  2011 | D:1      | Found Rerasoe's Armour Emporium.
  2098 | D:1      | Found Retrakas's Magic Scroll Shop.
  2510 | D:2      | Reached skill level 1 in Fighting
  2992 | D:3      | Found a snail-covered altar of Cheibriados.
  3011 | D:3      | Found a faded altar of an unknown god.
  3100 | D:3      | Reached XP level 4. HP: 25/28 MP: 3/7
  3579 | D:3      | Found an opulent altar of Gozag.
  3586 | D:3      | Became a worshipper of Gozag Ym Sagoz the Greedy
  3676 | D:1      | Bought a glowing amethyst potion for 21 gold pieces
  3676 | D:1      | Bought a glowing sapphire potion for 21 gold pieces
  3676 | D:1      | Bought a scroll labelled IJAASE ZEFANT for 24 gold pieces
  3761 | D:1      | Bought a scroll of identify for 26 gold pieces
  3865 | D:3      | Noticed Ijyb
  3968 | D:3      | Found a blossoming altar of Fedhas.
  4102 | D:3      | Found an iron altar of Okawaru.
  4461 | D:4      | Reached XP level 5. HP: 33/33 MP: 5/8
  4703 | D:4      | Reached skill level 1 in Translocations
  4733 | D:4      | Reached skill level 4 in Stealth
  4985 | D:4      | Identified the +5 sling of Unlemaeh {drain, Dex+3}
  5151 | D:4      | Noticed an ice beast
  5162 | D:4      | Killed an ice beast
  5163 | D:4      | Reached XP level 6. HP: 39/39 MP: 1/10
  5552 | D:4      | Reached XP level 7. HP: 45/45 MP: 2/11
  5712 | D:5      | Entered Level 5 of the Dungeon
  5715 | D:5      | Found an ornate altar of the Wu Jian Council.
  5720 | D:5      | Noticed a yak
  5727 | D:5      | Noticed a yak
  5728 | D:5      | Noticed a yak
  5729 | D:5      | Killed a yak
  5736 | D:5      | Reached skill level 5 in Stealth
  5736 | D:5      | Reached skill level 5 in Conjurations
  5987 | D:5      | Reached XP level 8. HP: 40/52 MP: 8/13
  6934 | D:5      | Noticed a yak
  6960 | D:5      | Killed a yak
  7074 | D:5      | Noticed a yak
  7076 | D:5      | Noticed a yak
  7099 | D:5      | Killed a yak
  7100 | D:5      | Reached skill level 6 in Stealth
  7419 | D:5      | Killed a yak
  7690 | D:5      | Found an ornate altar of the Wu Jian Council.
  7716 | D:4      | Killed a yak
  7717 | D:4      | Reached XP level 9. HP: 46/58 MP: 15/15
  8503 | D:1      | Bought a scroll of amnesia for 52 gold pieces
  8503 | D:1      | Bought a scroll of identify for 26 gold pieces
  8503 | D:1      | Bought a scroll of identify for 26 gold pieces
  8503 | D:1      | Bought a scroll of noise for 13 gold pieces
  8670 | D:6      | Noticed Maggie
  8678 | D:5      | Learned a level 4 spell: Iskenderun's Mystic Blast
  8702 | D:6      | Found a stormy altar of Qazlal.
  8855 | D:6      | Found a staircase to the Ecumenical Temple.
  9042 | D:6      | Reached skill level 5 in Dodging
  9042 | D:6      | Reached skill level 7 in Stealth
  9298 | D:6      | Found a shimmering blue altar of Sif Muna.
  9299 | D:6      | Found an ancient bone altar of Kikubaaqudgha.
  9300 | D:6      | Found a radiant altar of Vehumet.
  9305 | D:6      | Got Sif Muna's Almanac of Direction
 10157 | D:7      | Reached skill level 5 in Fighting
 10179 | D:7      | Noticed a hornet
 10344 | D:7      | Reached skill level 5 in Shields
 10344 | D:7      | Reached skill level 5 in Spellcasting
 10601 | D:7      | Reached XP level 10. HP: 66/66 MP: 7/17
 11058 | D:7      | Reached skill level 8 in Stealth
 11127 | D:7      | Paralysed by a hornet for 2 turns
 11379 | D:7      | Reached skill level 5 in Translocations
 11730 | D:7      | Identified the +3 flail "Luofuobi" {spect, rCorr Str+2
                  | Dex+8 Stlth-}
 12064 | D:7      | Noticed Duvessa
 12064 | D:7      | Noticed Dowan
 12094 | D:7      | Killed Duvessa
 12102 | D:7      | Killed Dowan
 12677 | D:8      | Learned a level 4 spell: Fulminant Prism
 12775 | D:8      | Found a shadowy altar of Dithmenos.
 13075 | D:8      | Noticed a two-headed ogre
 13075 | D:8      | Noticed a two-headed ogre
 13254 | D:8      | Reached skill level 1 in Hexes
 13461 | D:8      | Found a white marble altar of Elyvilon.
 13537 | D:8      | Reached skill level 9 in Stealth
 14082 | D:8      | Learned a level 3 spell: Teleport Other
 14204 | D:8      | Killed a two-headed ogre
 14205 | D:8      | Reached XP level 11. HP: 72/72 MP: 9/19
 14425 | D:8      | Found the +10 pair of quick blades "Gyre" and "Gimble"
                  | {protect}
 14559 | D:8      | Found a shadowy altar of Dithmenos.
 14733 | D:8      | Killed a two-headed ogre
 14865 | D:8      | Found a white marble altar of Elyvilon.
 16116 | D:9      | Noticed Jeremiah
 16123 | D:9      | Killed Jeremiah
 16441 | D:9      | Found a basalt altar of Yredelemnul.
 16441 | D:9      | Found a burning altar of Makhleb.
 16442 | D:9      | Found a glowing golden altar of the Shining One.
 16487 | D:9      | Reached skill level 1 in Short Blades
 16689 | D:10     | Entered Level 10 of the Dungeon
 16689 | D:10     | Found a staircase to the Orcish Mines.
 16774 | D:10     | Reached skill level 10 in Stealth
 17309 | D:10     | Learned a level 3 spell: Confusing Touch
 17380 | D:9      | Found a shimmering altar of Xom.
 17380 | D:9      | Found a hazy altar of Hepliaklqana.
 18192 | D:10     | Found Vuvot's Weapon Shoppe.
 18367 | D:10     | Found a staircase to the Lair.
 18712 | D:1      | Bought 2 scrolls of acquirement for 1352 gold pieces
 18712 | D:1      | Acquired 1170 gold pieces
 18716 | D:1      | Acquired the Directory of Translocational Gusts
 18725 | D:1      | Learned a level 4 spell: Manifold Assault
 18820 | D:3      | Killed Ijyb
 18919 | D:1      | Bought a ring of willpower for 275 gold pieces
 18919 | D:1      | Bought a +6 ring of intelligence for 396 gold pieces
 18919 | D:1      | Bought a +4 ring of protection for 396 gold pieces
 18919 | D:1      | Bought a ring of willpower for 275 gold pieces
 19154 | Lair:1   | Entered Level 1 of the Lair of Beasts
 19159 | Lair:1   | Reached XP level 12. HP: 59/81 MP: 4/21
 19611 | Lair:1   | Found a bloodstained altar of Trog.
 19828 | Lair:1   | Reached skill level 11 in Stealth
 20350 | Lair:2   | Found a staircase to the Snake Pit.
 20405 | Lair:2   | Reached skill level 5 in Hexes
 21086 | Lair:2   | Reached XP level 13. HP: 77/88 MP: 22/22
 21621 | Lair:3   | Reached skill level 5 in Short Blades
 21679 | Lair:3   | You fall into a shaft and drop 1 floor!
 22059 | Lair:3   | Found a staircase to the Swamp.
 22306 | Lair:4   | Found a runed translucent door.
 22307 | Lair:4   | Found a staircase to the Slime Pits.
 22678 | Lair:4   | Reached skill level 12 in Stealth
 23426 | Lair:5   | Entered Level 5 of the Lair of Beasts
 23454 | Lair:5   | Found a dark tunnel.
 23468 | Volcano  | Entered a volcano
 23869 | Lair:5   | Reached skill level 10 in Translocations
 23966 | Lair:5   | Reached XP level 14. HP: 97/97 MP: 23/23
 24741 | Lair:5   | Reached skill level 13 in Stealth
 24741 | Lair:5   | Reached skill level 10 in Conjurations
 25349 | Lair:5   | Identified the +6 scale mail of the Gate {Drain rN++ Str+2
                  | Stlth+}
 25546 | Lair:4   | Learned a level 6 spell: Dispersal
 25718 | Orc:1    | Entered Level 1 of the Orcish Mines
 26711 | Orc:2    | Entered Level 2 of the Orcish Mines
 26716 | Orc:2    | Found Sig Zoca's Magic Scroll Shoppe.
 26815 | Orc:2    | Bought a scroll of identify for 36 gold pieces
 26815 | Orc:2    | Bought a scroll of blinking for 135 gold pieces
 26815 | Orc:2    | Bought a scroll of blinking for 135 gold pieces
 26815 | Orc:2    | Bought a scroll of amnesia for 72 gold pieces
 26815 | Orc:2    | Bought a scroll of enchant armour for 135 gold pieces
 26815 | Orc:2    | Bought a scroll of fog for 72 gold pieces
 26815 | Orc:2    | Bought a scroll of teleportation for 54 gold pieces
 26815 | Orc:2    | Bought a scroll of immolation for 72 gold pieces
 26948 | Orc:2    | Found Toots's Assorted Antiques.
 26959 | Orc:2    | Found a staircase to the Elven Halls.
 27006 | Orc:2    | Found Itub's Distillery.
 27010 | Orc:2    | Found Bijupt's General Store.
 27133 | Orc:2    | Found Wopp's Armour Shop.
 27592 | Orc:2    | Reached skill level 10 in Dodging
 27832 | Orc:2    | Bought a potion of might for 60 gold pieces
 27832 | Orc:2    | Bought 2 potions of magic for 240 gold pieces
 27832 | Orc:2    | Bought a potion of heal wounds for 75 gold pieces
 27832 | Orc:2    | Bought a potion of curing for 45 gold pieces
 27835 | Orc:2    | Bought a scroll of teleportation for 51 gold pieces
 27835 | Orc:2    | Bought a scroll of blinking for 127 gold pieces
 27865 | Orc:2    | Reached XP level 15. HP: 103/103 MP: 24/24
 28133 | Orc:2    | Reached skill level 10 in Fighting
 28271 | Orc:2    | Found Vian's Antique Armour Shop.
 28271 | Orc:2    | Found Hunusiv's Jewellery Boutique.
 28272 | Orc:2    | Found a one-way gate leading to the halls of Pandemonium.
 28286 | Orc:2    | Bought a +6 ring of dexterity for 432 gold pieces
 28288 | Orc:2    | Bought a +6 ring of dexterity for 432 gold pieces
 28382 | Orc:1    | Found a bloodstained altar of Trog.
 28661 | Swamp:1  | Entered Level 1 of the Swamp
 29068 | Swamp:1  | Reached skill level 14 in Stealth
 29546 | Swamp:1  | Reached skill level 10 in Short Blades
 29572 | Swamp:1  | Constricted to death by a shambling mangrove

Illustrated notes

Levels and vault maps discovered:
D:1:      psy_arrival_spokes, layout_basic, serial_shops,
          nicolae_shop_hallway_plus,
          nicolae_shop_temple_entry_statues_fountains, shop, shop,
          nicolae_shop_waterfront
D:2:      layout_basic
D:3:      layout_basic, nicolae_gozag_cash_rules_everything_around_me,
          okawaru_altar_gauntlet_db, mainiacjoe_overflow_boulevard,
          overflow_temple_1_default, chequers_ecumenical_altar_simple_redux,
          uniq_ijyb
D:4:      layout_cave_pools, serial_rivers, chequers_serial_rivers_micro_c,
          chequers_serial_rivers_room_a, chequers_serial_rivers_micro_e,
          chequers_serial_rivers_small_b, chequers_serial_rivers_small_b,
          cheibrodos_gnoll_hut
D:5:      layout_rooms, pdpol_wu_jian_five_deadly_venoms,
          nicolae_concentric_dashed_squares_wild, small_statue_intersection,
          minivault_5, kennysheep_generic_room_2
D:6:      layout_rooms, grunt_temple_overflow_magic_moments,
          mainiacjoe_overflow_concentric_impassable, temple_statues, uniq_maggie
D:7:      kennysheep_spiral_hall, layout_cave_pools, grunt_ministairs_9,
          dreamdust_mushroom_princess, hex_large, minmay_bent, uniq_duvessa
D:8:      layout_loops_ring, elyvilon_altar_1, lemuel_round_altar, serial_glass,
          glass_columns_b, glass_columns_a, chequers_serial_rivers_micro_b,
          kennysheep_donut, reono_crystal_passage,
          hellmonk_guarded_unrand_gyre_and_gimble
D:9:      layout_cave_pools, nicolae_overflow_hidden_temple, uniq_jeremiah
D:10:     layout_loops_ring, erik_lair_dragon, serial_shops,
          nicolae_shop_advertising_works [nicolae_subvault_shop_adworks],
          nicolae_lava_and_water
Lair:1:   layout_regular_city, serial_forest, infiniplex_forest_zigzag_1,
          infiniplex_forest_clump_double, infiniplex_forest_clump_C,
          infiniplex_forest_clump_double, infiniplex_forest_straight_2,
          infiniplex_forest_zigzag_1, infiniplex_forest_lined_room_2,
          infiniplex_forest_lined_3, basic_altar,
          chequers_serial_rivers_small_b, cheibrodos_lair_reptile_den,
          infiniplex_staircase_pool
Lair:2:   layout_small_grid, minmay_snake_entry_guardpost_small, uniq_urug
Lair:3:   layout_loops_ring, minmay_swamp_entry_worms
Lair:4:   layout_concentric_octagons, slime_entry_2, grunt_megastairs_2
Lair:5:   evilmike_catoblepas_cave, layout_gridlike,
          nicolae_volcano_entry_hallway, serial_bayou_shore_b,
          grunt_megastairs_1
Swamp:1:  layout_basic_swamp, evilmike_swamp_ruin_house_1, swamp_pool1
Orc:1:    layout_diamond_mine, basic_altar, trog_butcher_becter
Orc:2:    pf_orc_diabolical, layout_caves, serial_shops, shop, shop,
          nicolae_shop_gibbet_a_chance

Skill      XL: |  1  2  3  4  5  6  7  8  9 10 11 12 13 14 15 |
---------------+----------------------------------------------+-----
Stealth        | 3 4 5 6 7 9 10 11 12 13 14 | 14.1
Shields        | 1 2 3 4 5 6 |  6.9
Fighting       | 1 2 3 4 5 6 7 8 9 10 | 10.3
Translocations | 1 2 3 4 5 6 8 10 11 12 | 12.1
Dodging        | 3 4 5 6 7 8 9 10 | 10.4
Spellcasting   | 3 4 5 6 |  6.0
Conjurations   | 5 6 7 8 9 10 | 10.6
Hexes          | 1 3 5 |  5.0
Short Blades   | 2 4 7 9 10 | 10.0

Action                     |  1- 3 |  4- 6 |  7- 9 | 10-12 | 13-15 || total
---------------------------+-------+-------+-------+-------+-------++-------
  Melee: Club              |    15 |       |       |       |       ||    15
         Constrict         |     6 |     5 |     2 |    39 |   100 ||   152
         Unarmed           |     2 |       |       |       |       ||     2
         Tentacles         |     6 |     4 |     2 |   166 |   374 ||   552
         Short sword       |     2 |       |       |       |       ||     2
         Staff             |     1 |    14 |       |       |       ||    15
         Whip              |       |     2 |       |       |       ||     2
         Rapier            |       |       |     3 |     5 |       ||     8
         Sling             |       |       |     1 |     1 |       ||     2
         Pair of quick bla |       |       |       |   544 |  1582 ||  2126
         Punch             |       |       |       |    12 |    13 ||    25
   Fire: Sling             |       |     6 |    96 |    89 |       ||   191
   Cast: Magic Dart        |    15 |       |       |     1 |       ||    16
         Searing Ray       |    17 |    36 |    48 |    54 |       ||   155
         Iskenderun's Myst |       |       |     2 |    12 |     2 ||    16
         Teleport Other    |       |       |       |     2 |       ||     2
         Fulminant Prism   |       |       |       |    13 |     3 ||    16
         Manifold Assault  |       |       |       |     5 |    71 ||    76
         Confusing Touch   |       |       |       |     1 |     1 ||     2
         Dispersal         |       |       |       |       |     2 ||     2
  Evoke: Wand              |       |       |       |       |     1 ||     1
    Use: Scroll            |     2 |     1 |    10 |     5 |    11 ||    29
         Potion            |       |     1 |     1 |       |       ||     2
   Stab: Sleeping          |     5 |       |       |    15 |    39 ||    59
         Distracted        |       |       |       |     3 |     4 ||     7
         Confused          |       |       |       |       |     2 ||     2
 Armour: Skin              |    17 |    22 |    45 |   121 |   124 ||   329
  Dodge: Dodged            |    25 |    41 |   136 |   330 |   301 ||   833

Table legend: (Time is in decaauts)
 A = Elapsed time spent in this place.
 B = Non-inter-level travel time spent in this place.
 C = Inter-level travel time spent in this place.
 D = Time resting spent in this place.
 E = Time spent auto-exploring this place.
 F = Levels seen in this place.
 G = Mean time per level.
                   A        B        C        D        E       F      G
               +--------+--------+--------+--------+--------+-----+--------+
         Total |  29628 |  27431 |   2197 |   7543 |  15195 |  19 | 1559.4 |
       Dungeon |  19785 |  17978 |   1807 |   5756 |   9478 |  10 | 1978.5 |
          Lair |   6220 |   5895 |    325 |    857 |   4055 |   5 | 1244.0 |
         Swamp |    900 |    900 |      0 |    232 |    480 |   1 |  900.0 |
  Orcish Mines |   2414 |   2349 |     65 |    698 |   1182 |   2 | 1207.0 |
       Volcano |    306 |    306 |      0 |      0 |      0 |   1 |  306.0 |
               +--------+--------+--------+--------+--------+-----+--------+

Top non-repeatable levels by time:
     D:8: 3434 daAuts
     D:5: 2595 daAuts
     D:2: 2050 daAuts
    D:10: 2041 daAuts
     D:6: 1950 daAuts
     D:7: 1841 daAuts
     D:4: 1675 daAuts
  Lair:5: 1647 daAuts
   Orc:2: 1629 daAuts
  Lair:4: 1502 daAuts
     D:1: 1478 daAuts
     D:3: 1462 daAuts
     D:9: 1255 daAuts
  Lair:1: 1129 daAuts
  Lair:2: 1061 daAuts
